 Dungeon Crawl Stone Soup version 0.26-a0-651-gb41185065b (webtiles) character file.

Game seed: 4095812589155628520

2 Mesmaeker13 the Caller (level 1, -2/10 HPs)
             Began as a Deep Elf Summoner on Oct 3, 2020.
             Slain by a hobgoblin
             ... wielding a +0 club
              (4 damage)
             ... on level 1 of the Dungeon.
             The game lasted 00:00:08 (29 turns).

Mesmaeker13 the Caller (Deep Elf Summoner)            Turns: 29, Time: 00:00:09

Health: -2/10      AC:  2    Str:  5    XL:     1   Next: 25%
Magic:  5/6        EV: 13    Int: 19    God:
Gold:   0          SH:  0    Dex: 15    Spells: 5/6 levels left

rFire    . . .     SeeInvis .   (no weapon)
rCold    . . .     Faith    .   (no shield)
rNeg     . . .     Spirit   .   a - +0 robe
rPois    .         Reflect  .   (no helmet)
rElec    .         Harm     .   (no cloak)
rCorr    .         Rampage  .   (no gloves)
MR       .....                  (no boots)
Stlth    ++........             (no amulet)
HPRegen  0.03/turn              (no ring)
MPRegen  0.10/turn              (no ring)

@: no status effects
A: no striking features
a: no special abilities


You were on level 1 of the Dungeon.
You visited 1 branch of the dungeon, and saw 1 of its levels.

Inventory:

Armour
 a - a +0 robe (worn)


   Skills:
 + Level 2.5 Dodging
 - Level 2.4 Stealth
 + Level 3.0 Spellcasting
 + Level 4.4 Summonings


You had 5 spell levels left.
You knew the following spells:

 Your Spells              Type           Power        Failure   Level
a - Summon Small Mammal   Summ           ###.         2%          1

Your spell library contained the following spells:

 Spells                   Type           Power        Failure   Level
 Call Imp                 Summ           ###.....     3%          2
 Call Canine Familiar     Summ           ###.....     8%          3
 Summon Guardian Golem    Hex/Summ       ##......     19%         3
 Summon Ice Beast         Ice/Summ       ##......     52%         4
 Summon Lightning Spire   Summ/Air       ##......     52%         4


Dungeon Overview and Level Annotations

Branches:
Dungeon (1/15)

Altars:


Message History

Your bat hits the kobold but does no damage.
Your quokka misses the kobold. The kobold barely misses you.
Your bat barely misses the kobold.
The hobgoblin closely misses your bat.
Your bat closely misses the kobold.
Unknown command.
Your bat barely misses the kobold.
Your bat hits the kobold but does no damage.
Your quokka misses the kobold. The kobold misses you.
Your quokka completely misses the kobold.
Your bat hits the hobgoblin but does no damage.
Your bat closely misses the kobold.
The kobold hits you.
* * * LOW HITPOINT WARNING * * *
The hobgoblin barely misses you.
Your quokka bites the kobold but does no damage.
Your bat completely misses the hobgoblin.
Your bat barely misses the kobold.
Your bat barely misses the hobgoblin.
The kobold misses you.
Your bat hits the hobgoblin but does no damage.
Your quokka barely misses the kobold.
The hobgoblin hits you with a +0 club.
You die...

..?.$ ##...##
#.....# #.....
#..... #b.b# .##
##.gK# ...##..#
#..r@# ......#
#....# .....#
#....# ##....#
.####..†# ##.....#
.......(###......#
.######..........#
#####....<.#
#......# ####'###


You could see a hobgoblin, a kobold, a friendly quokka (summoned) and 2 friendly
bats.

Vanquished Creatures
  A goblin (D:1)
1 creature vanquished.

Vanquished Creatures (collateral kills)
  A hobgoblin (D:1)
1 creature vanquished.

Grand Total: 2 creatures vanquished

Notes
Turn   | Place    | Note
-------+----------+-------------------------------------------
     0 | D:1      | Mesmaeker13 the Deep Elf Summoner began the quest for the
                  | Orb.
     0 | D:1      | Reached XP level 1. HP: 10/10 MP: 6/6
    29 | D:1      | Slain by a hobgoblin

Illustrated notes

Levels and vault maps discovered:
D:1:      elethiomel_arrival_shortcut, layout_rooms, minmay_worlds_worst_comb

Action                   || total
-------------------------++-------
Melee: Unarmed           ||     3
 Cast: Summon Small Mamm ||     3
 Stab: Distracted        ||     1
Armor: Robe              ||     1
Dodge: Dodged            ||     8

Table legend: (Time is in decaauts)
 A = Elapsed time spent in this place.
 B = Non-inter-level travel time spent in this place.
 C = Inter-level travel time spent in this place.
 D = Time resting spent in this place.
 E = Time spent auto-exploring this place.
 F = Levels seen in this place.
 G = Mean time per level.
                   A        B        C        D        E       F      G
               +--------+--------+--------+--------+--------+-----+--------+
         Total |     29 |     29 |      0 |      0 |      7 |   1 |   29.0 |
       Dungeon |     29 |     29 |      0 |      0 |      7 |   1 |   29.0 |
               +--------+--------+--------+--------+--------+-----+--------+

Top non-repeatable levels by time:
     D:1: 29 daAuts
